Map: Proxima Station LE

Players

TRUE - Winner!

  • Race: Zerg Zerg
  • Spawn Location: 1:00

Nerchio

  • Race: Zerg Zerg
  • Spawn Location: 7:00

Event: WCS Austin 2017

VOD

Have the link to the VOD?

Description

Time

  • Played on: April 30, 2017, 1:15 p.m.
  • Length: 16:32

All games in this series

Show
View Real Time Build Order
Export as new Build Order

TRUE Zerg - Winner!

Build Orders: Pool First 

Get SALT Encoding   

  12  0:00  Drone  
  13  0:09  Extractor  
  12  0:24  Spawning Pool  
  12  0:28  Drone  
  12  0:33  Drone  
  13  0:38  Drone  
  14  0:50  Overlord  
  14  1:10  Metabolic Boost  
  14  1:14  Queen  
  14  1:17  Zergling x2  
  17  1:21  Zergling x2  
  17  1:25  Zergling x2  
  19  1:30  Zergling x2  
  20  1:53  Hatchery  
  19  1:55  Zergling x2  
  19  1:59  Zergling x2  
  21  2:07  Overlord  
  21  2:11  Zergling x2  
  22  2:25  Zergling x2  
  22  2:26  Zergling x4  
  22  2:28  Zergling x2  
  26  2:38  Zergling x2  
  26  2:42  Queen  
  29  2:49  Drone  
  30  2:55  Overlord  
  30  3:05  Drone x2  
  30  3:07  Drone  
  30  3:11  Drone  
  28  3:16  Drone  
  28  3:31  Drone x4  
  28  3:32  Drone  
  29  3:40  Queen  
  30  3:44  Zergling x2  
  31  3:48  Zergling x2  
  31  3:52  Zergling x4  
  31  3:55  Zergling x2  
  35  3:59  Zergling x2  
  36  4:05  Zergling x2  
  36  4:08  Baneling Nest  
  36  4:11  Zergling x2  
  36  4:12  Zergling x2  
  36  4:15  Zergling x2  
  38  4:19  Zergling x2  
  38  4:23  Zergling x2  
  39  4:40  Drone x4  
  39  4:41  Overlord  
  39  4:43  Overlord  
  43  4:49  Drone  
  43  5:00  Drone x2, Baneling x2  
  43  5:01  Drone  
  43  5:02  Baneling x2  
  43  5:06  Drone  
  47  5:11  Drone  
  47  5:13  Drone x4  
  52  5:15  Drone  
  53  5:21  Overlord  
  53  5:23  Drone x2  
  55  5:29  Drone  
  55  5:33  Drone  
  57  5:45  Drone x2, Overlord, Hatchery  
  57  5:47  Drone x2  
  60  5:50  Drone x2  
  60  5:51  Drone  
  62  5:59  Drone x2  
  63  6:07  Drone  
  63  6:10  Drone x2  
  63  6:11  Drone  
  65  6:13  Overlord  
  65  6:14  Extractor  
  65  6:17  Overlord  
  65  6:18  Drone  
  65  6:20  Lair, Drone  
  65  6:21  Overlord  
  65  6:22  Evolution Chamber, Extractor  
  63  6:33  Zergling x2  
  63  6:34  Overlord  
  63  6:39  Roach Warren, Overlord  
  59  6:41  Zergling x4  
  59  6:43  Zergling x6  
  59  6:44  Zergling x2  
  59  6:46  Zergling x2  
  66  6:47  Zerg Missile Weapons Level 1  
  66  6:52  Baneling  
  66  6:53  Baneling  
  66  6:54  Zergling x2  
  66  6:56  Zergling x2  
  66  6:59  Zergling x2  
  69  7:05  Baneling  
  69  7:06  Zergling x2, Baneling  
  69  7:12  Overlord  
  69  7:13  Drone, Baneling x2  
  69  7:14  Drone x3  
  73  7:21  Overlord  
  71  7:24  Drone x4  
  71  7:28  Glial Reconstitution  
  75  7:31  Overlord  
  75  7:34  Overlord  
  75  7:37  Roach x3  
  75  7:41  Drone x3  
  75  7:42  Drone  
  75  7:43  Extractor  
  84  7:46  Overlord  
  84  7:49  Overlord  
  84  7:50  Overlord  
  84  7:52  Roach x3  
  84  7:53  Roach  
  84  7:56  Overlord  
  92  8:04  Unknown  
  91  8:14  Overlord  
  91  8:15  Roach x6  
  91  8:16  Roach x2  
  107  8:23  Overlord, Hatchery  
  107  8:24  Roach x2  
  107  8:27  Roach x2  
  114  8:28  Roach  
  114  8:30  Roach  
  114  8:31  Roach  
  120  8:37  Burrow, Extractor  
  120  8:41  Zerg Missile Weapons Level 2  
  119  8:46  Tunneling Claws  
  119  8:49  Overseer  
  119  8:52  Roach x2  
  125  8:55  Roach  
  125  8:56  Roach  
  125  8:58  Roach  
  125  9:00  Overlord  
  129  9:03  Roach x2  
  129  9:04  Roach  
  129  9:07  Roach  
  129  9:08  Queen  
  129  9:09  Roach  
  141  9:11  Roach, Overlord  
  141  9:12  Roach  
  141  9:15  Roach  
  141  9:16  Roach  
  149  9:17  Roach  
  149  9:19  Roach  
  149  9:22  Roach  
  155  9:25  Roach x2  
  155  9:26  Roach  
  155  9:27  Overlord  
  155  9:29  Roach  
  165  9:31  Roach  
  165  9:33  Roach  
  165  9:36  Roach  
  171  9:38  Roach  
  171  9:40  Roach  
  171  9:43  Roach  
  171  9:44  Roach  
  177  9:48  Roach x2  
  177  9:50  Roach  
  183  9:54  Roach x3  
  183  9:55  Roach  
  183  9:57  Roach  
  193  10:00  Roach x2  
  193  10:02  Roach  
  199  10:10  Overseer x2  
  199  10:13  Roach  
  200  10:23  Pneumatized Carapace  
  198  10:44  Roach  
  198  10:46  Roach  
  200  10:50  Roach  
  200  10:55  Roach x21  
  199  10:58  Roach x36  
  199  11:06  Roach  
  181  11:22  Roach x2  
  181  11:23  Roach  
  181  11:24  Roach x23  
  189  11:30  Roach  
  189  11:31  Zerg Ground Armor Level 1  
  171  11:33  Roach  
  171  11:35  Roach x2  
  177  11:41  Roach  
  177  11:45  Roach, Hatchery  
  177  11:47  Roach x2  
  184  11:51  Roach  
  186  11:54  Roach  
  186  11:56  Roach, Hatchery  
  186  11:57  Roach  
  186  12:01  Roach x3, Extractor  
  190  12:02  Roach x4  
  190  12:05  Roach x18, Overlord  
  200  12:14  Overseer  
  198  12:26  Roach  
  198  12:28  Roach x2  
  198  12:29  Roach  
  184  12:30  Roach x2  
  184  12:31  Roach x2  
  184  12:33  Unknown x2  
  184  12:34  Unknown x4  
  184  12:39  Roach  
  184  12:40  Roach  
  184  12:41  Roach  
  184  12:42  Roach  
  180  12:45  Roach  
  180  12:46  Roach x3  
  180  12:47  Roach  
  180  12:48  Roach x6  
  180  12:49  Roach  
  180  12:50  Roach x2  
  180  12:51  Roach  
  188  12:52  Roach  
  178  12:59  Roach x4  
  178  13:00  Roach  
  178  13:02  Roach  
  178  13:05  Roach x2  
  184  13:06  Roach x9  
  184  13:07  Roach  
  184  13:08  Roach  
  184  13:09  Roach x4  
  184  13:10  Roach  
  184  13:11  Roach x2  
  192  13:15  Roach  
  192  13:16  Roach x2  
  192  13:18  Roach  
  200  13:27  Roach  
  200  13:31  Roach  
  200  13:32  Roach x2  
  200  13:33  Roach x4  
  200  13:57  Roach  
  200  14:28  Roach x2  
  200  14:30  Roach  
  196  14:33  Roach  
  196  14:34  Roach  
  196  14:36  Roach  
  196  14:38  Roach  
  158  14:39  Roach x17  
  158  14:40  Roach x3  
  158  14:41  Roach x11  
  180  14:51  Roach x2  
  178  14:53  Roach  
  178  14:57  Roach x6  
  180  15:01  Roach x6  
  180  15:02  Roach  
  180  15:03  Roach x2  
  180  15:06  Roach x2  
  192  15:11  Roach  
  190  15:14  Roach  
  190  15:16  Roach x3  
  190  15:17  Roach x4  
  190  15:19  Roach x35  
  183  15:22  Roach  
  183  15:23  Roach  
  183  15:25  Roach x2  
  183  15:27  Roach  
  182  15:29  Roach  
  182  15:31  Roach  
  182  15:32  Roach x4  
  182  15:33  Roach x2  
  182  15:34  Roach x5  
  192  15:37  Roach x2  
  192  15:39  Roach  
  191  15:44  Roach x2  
  191  15:48  Roach x2  
  195  15:50  Roach  
  195  15:54  Roach  
  195  15:55  Roach  
  199  16:00  Spore Crawler  
  199  16:01  Roach  
  201  16:09  Roach  
  201  16:10  Roach x2  
  201  16:11  Roach  
  189  16:12  Roach x2  
Show
View Real Time Build Order
Export as new Build Order

Nerchio Zerg 

Build Orders: Pool First 

Get SALT Encoding   

  12  0:00  Drone  
  13  0:12  Overlord  
  13  0:17  Drone  
  14  0:31  Drone x2  
  14  0:34  Drone  
  17  0:45  Spawning Pool  
  17  0:48  Drone  
  17  0:56  Drone  
  18  1:00  Extractor  
  17  1:06  Drone  
  18  1:18  Hatchery  
  17  1:31  Queen  
  17  1:32  Zergling x2  
  20  1:36  Drone  
  22  1:40  Drone  
  22  1:49  Overlord  
  22  2:00  Metabolic Boost  
  22  2:07  Queen  
  24  2:08  Drone  
  24  2:11  Drone  
  26  2:21  Baneling Nest  
  25  2:30  Spine Crawler  
  25  2:31  Zergling x2  
  25  2:34  Zergling x2  
  26  2:37  Zergling x2  
  26  2:40  Zergling x2  
  28  2:44  Zergling x2  
  29  2:53  Queen  
  29  2:57  Zergling x2  
  31  3:04  Zergling x2  
  31  3:05  Zergling x2  
  31  3:07  Zergling x2  
  29  3:14  Zergling x2  
  29  3:15  Zergling x2  
  29  3:18  Zergling x2  
  28  3:24  Zergling x2  
  28  3:29  Zergling x2  
  25  3:34  Drone  
  25  3:39  Drone  
  25  3:42  Drone  
  25  3:46  Drone  
  27  3:53  Overlord  
  27  3:56  Drone  
  27  3:58  Baneling x2  
  28  4:13  Drone x4  
  28  4:14  Drone  
  28  4:15  Drone  
  33  4:18  Drone  
  33  4:20  Drone  
  33  4:23  Drone  
  35  4:34  Overlord  
  35  4:39  Overlord  
  35  4:52  Queen, Baneling x2  
  35  4:53  Queen  
  35  4:54  Drone x4  
  35  4:57  Drone  
  44  5:00  Baneling x3  
  44  5:04  Drone  
  44  5:05  Drone  
  46  5:08  Drone x2  
  48  5:15  Evolution Chamber  
  48  5:19  Drone x2  
  49  5:28  Queen  
  49  5:29  Lair  
  49  5:30  Drone  
  49  5:31  Extractor x2  
  49  5:33  Drone  
  51  5:36  Drone  
  51  5:38  Overlord  
  52  5:53  Drone x2, Hatchery  
  51  5:59  Zergling x2  
  50  6:05  Zergling x14  
  50  6:07  Queen  
  55  6:16  Zergling x2  
  56  6:22  Zergling x2  
  54  6:28  Hatchery  
  54  6:30  Zergling x4  
  55  6:37  Drone x3  
  55  6:38  Drone  
  56  6:42  Drone, Queen  
  59  6:47  Zerg Missile Weapons Level 1  
  59  6:52  Roach Warren  
  59  6:53  Baneling x2  
  58  6:56  Overlord  
  58  7:00  Overlord  
  58  7:07  Drone  
  59  7:13  Infestation Pit, Overlord x2  
  58  7:15  Drone  
  58  7:20  Extractor  
  58  7:21  Drone x4  
  61  7:23  Drone  
  61  7:24  Drone  
  61  7:25  Drone  
  61  7:28  Overlord  
  64  7:31  Drone  
  64  7:33  Glial Reconstitution  
  64  7:36  Overseer  
  65  7:40  Roach  
  65  7:41  Roach  
  65  7:43  Roach  
  71  7:44  Baneling  
  71  7:45  Baneling  
  71  7:46  Drone  
  71  7:48  Drone  
  73  7:52  Drone  
  73  7:54  Infestor  
  76  8:01  Drone x4, Extractor  
  76  8:03  Drone x2  
  76  8:05  Drone  
  82  8:09  Drone x2  
  82  8:13  Drone x2  
  84  8:21  Roach  
  84  8:23  Roach x3  
  84  8:26  Overlord  
  92  8:28  Overlord  
  92  8:31  Extractor  
  91  8:36  Roach x2  
  91  8:37  Roach  
  97  8:47  Zerg Missile Weapons Level 2  
  97  8:50  Roach  
  97  8:51  Hatchery  
  97  8:53  Ravager x3  
  97  8:54  Roach  
  97  8:55  Roach  
  105  8:56  Roach  
  105  9:01  Overlord  
  107  9:06  Roach  
  107  9:07  Roach x2  
  107  9:09  Overlord  
  113  9:11  Overlord  
  113  9:15  Overlord x2  
  113  9:20  Roach x2  
  113  9:22  Roach  
  121  9:24  Roach  
  121  9:26  Overlord  
  121  9:28  Roach  
  121  9:30  Ravager  
  124  9:34  Roach x3  
  124  9:37  Roach  
  132  9:39  Roach  
  132  9:40  Roach  
  132  9:44  Roach  
  140  9:45  Roach  
  140  9:48  Roach x2  
  140  9:50  Roach  
  145  9:55  Infestor x2  
  145  9:57  Ravager x3  
  145  9:59  Overseer  
  152  10:01  Roach  
  152  10:04  Overlord  
  152  10:06  Roach  
  156  10:08  Roach  
  156  10:09  Roach  
  156  10:11  Roach  
  158  10:14  Overseer  
  158  10:15  Roach  
  158  10:17  Overlord  
  158  10:18  Overlord  
  160  10:21  Overlord  
  160  10:24  Roach  
  160  10:26  Roach  
  160  10:27  Roach  
  166  10:30  Roach  
  166  10:32  Roach  
  166  10:36  Unknown x2  
  166  10:39  Roach x2  
  166  10:40  Roach x2  
  166  10:42  Roach  
  174  10:45  Roach x2  
  174  10:48  Roach  
  174  10:49  Roach  
  182  10:54  Roach  
  182  10:56  Roach  
  181  10:59  Roach  
  181  11:00  Ravager x2  
  181  11:01  Ravager  
  186  11:05  Overlord  
  186  11:07  Zerg Ground Armor Level 1  
  186  11:09  Overlord x2  
  180  11:12  Burrow  
  174  11:23  Roach x2  
  174  11:25  Roach x2  
  157  11:26  Roach x2  
  157  11:27  Roach  
  157  11:28  Roach  
  157  11:31  Pneumatized Carapace  
  159  11:32  Roach  
  159  11:42  Infestor x2  
  159  11:43  Roach  
  159  11:46  Roach x2  
  169  11:48  Roach  
  169  11:51  Roach  
  169  11:53  Roach  
  175  11:56  Roach  
  175  11:59  Roach  
  175  12:00  Roach, Unknown  
  175  12:01  Unknown  
  181  12:11  Hatchery  
  181  12:12  Roach  
  181  12:15  Roach x2  
  186  12:19  Roach x2  
  186  12:21  Roach  
  192  12:24  Roach  
  192  12:26  Roach  
  190  12:32  Ravager x4  
  190  12:33  Roach  
  190  12:36  Roach  
  192  12:40  Roach x2  
  172  12:45  Roach x2  
  172  12:46  Roach, Hatchery  
  172  12:48  Roach  
  172  12:50  Roach  
  163  12:56  Roach x2  
  163  12:57  Roach  
  169  13:01  Roach  
  169  13:03  Roach  
  169  13:05  Ravager x3  
  173  13:06  Ravager  
  175  13:18  Roach x4  
  183  13:31  Roach  
  183  13:32  Roach, Extractor  
  183  13:33  Overseer  
  188  13:34  Roach  
  188  13:37  Ravager x3  
  188  13:38  Ravager  
  188  13:39  Roach  
  188  13:41  Roach  
  196  13:53  Infestor  
  194  13:58  Roach x4  
  200  14:03  Hatchery  
  196  14:36  Roach  
  196  14:37  Roach x6  
  196  14:38  Roach x4  
  175  14:39  Roach  
  175  14:40  Roach x5  
  173  14:49  Roach  
  173  14:50  Roach x3  
  173  14:51  Roach  
  183  14:52  Roach  
  183  15:00  Roach  
  183  15:01  Roach  
  183  15:05  Roach x2  
  183  15:06  Roach  
  183  15:15  Roach x3  
  183  15:17  Roach  
  180  15:22  Roach  
  180  15:26  Roach  
  178  15:32  Roach  
  178  15:35  Infestor x2  
  182  15:41  Infestor  
  180  15:53  Hatchery  
  180  15:56  Ravager x2  
  182  15:57  Ravager x2  
  182  16:03  Roach  
  185  16:07  Roach  
  185  16:08  Roach  
  185  16:10  Roach  
Tags
 
Add a new tag
Caveats
  • Supply blocks, unpowered buildings, or Contaminate may cause inaccurate times.
  • Supply counts are checked every 10 seconds.